 Dungeon Sprint DCSS version 0.22.1-1-ga44c0e56f4 (webtiles) character file.

164 MuseOD the Covert (level 5, -3/29 HPs)
             Began as a Spriggan Enchanter on Sept 27, 2018.
             Killed from afar by a necromancer (22 damage)
             ... with a bolt of fire
             ... in the Dungeon (Sprint III: "The Ten Rune Challenge").
             The game lasted 00:01:20 (168 turns).

MuseOD the Covert (Spriggan Enchanter)               Turns: 168, Time: 00:01:21

Health: -3/29      AC:  2    Str:  4    XL:     5   Next: 21%
Magic:  1/13       EV: 18    Int: 17    God:
Gold:   43         SH:  0    Dex: 17    Spells: 7/13 levels left

rFire    . . .     SeeInvis +   a - +1 dagger
rCold    . . .     Gourm    .   (shield restricted)
rNeg     . . .     Faith    .   b - +0 robe
rPois    .         Spirit   .   (helmet restricted)
rElec    .         Reflect  .   (no cloak)
rCorr    .         Harm     .   (gloves unavailable)
MR       .....     NoTele   +   (boots unavailable)
Stlth    ++++......             (no amulet)
HPRegen  0.09/turn              (no ring)
MPRegen  0.13/turn              (no ring)

@: very quick
A: very small, unfitting armour, see invisible, herbivore, speed 3, slow
metabolism 2
a: no special abilities


You were in the Dungeon.
You were not hungry.

You visited 1 branch You collected 43 gold pieces.

Inventory:

Hand Weapons
 a - a +1 dagger (weapon)
Armour
 b - a +0 robe (worn)
Scrolls
 c - 3 scrolls of identify {unknown}
 j - a scroll of blinking
 l - a scroll of torment {unknown}
 m - 3 scrolls of remove curse
 o - a scroll of holy word {unknown}
Potions
 e - a potion of curing
 f - a potion of heal wounds
 g - a potion of haste
 h - 2 potions of magic
 i - a potion of berserk rage
 k - 4 potions of mutation {unknown}
 n - 3 potions of flight
Comestibles
 d - 3 rations


   Skills:
 + Level 3.6 Fighting
 * Level 7.3 Short Blades
 - Level 3.0 Dodging
 + Level 8.7 Stealth
 + Level 4.8 Spellcasting
 + Level 5.5 Hexes


You had 7 spell levels left.
You knew the following spells:

 Your Spells              Type           Power        Failure   Level  Hunger
a - Corona                Hex            ###....      1%          1    None
b - Ensorcelled Hibernat  Hex/Ice        ##....       7%          2    #......
c - Confuse               Hex            ###.....     4%          3    ###....

Your spell library contained the following spells:

 Spells                   Type           Power        Failure   Level  Hunger
 Tukima's Dance           Hex            ###.....     4%          3    ###....
 Dazzling Spray           Conj/Hex       ##....       14%         3    ###....


Dungeon Overview and Level Annotations

Branches:
Dungeon (1/1)

Altars:
Dithmenos
Ru
Yredelemnul


Innate Abilities, Weirdness & Mutations

You are very small and have problems with some larger weapons.
You are too small for most types of armour.
You have supernaturally acute eyesight. (SInv)
You are a herbivore.
You cover ground extremely quickly.
You need to consume almost no food.


Message History

There's nothing to close nearby.
There's nothing to close nearby.
There's nothing to close nearby.
There's nothing to close nearby.
There's nothing to close nearby.
There's nothing to close nearby.
There's nothing to close nearby.
There isn't anything here!
There isn't anything here!
There isn't anything here!
There isn't anything here!
There isn't anything here!
There isn't anything here!
There's nothing to close nearby.
A necromancer opens the door.
You close the door.
A necromancer opens the door.
The necromancer gestures at you while chanting.
The bolt of fire hits you!
Ouch! That really hurt!
You die...

▓▓▓▓▓▓▓▓▓ ▓▓▓ ▓<..#...####
##.# #### ▓...#......#####..#
#__# ▓..##.......#..#..# #$_#
▓##.##.##[..#@.#..###+#+###'##
##.##.###..##'#..#.....n....#
▓#.####.##..###p..+.⌠...p....#
▓.###..##..####...#...######+#
▓#.....##..###.†..#.⌠.#
###..##...##.....#...#
##..##....#......#+###
#..###..##.#..†..# #..# #..
####....#


You could see a necromancer.

Vanquished Creatures
  A water elemental (D)
  A scorpion (D)
  Jessica (D)
  A human (D)
  2 oozes (D)
6 creatures vanquished.

Vanquished Creatures (others)
  6 hellions (D)
  A yaktaur (D)
7 creatures vanquished.

Grand Total: 13 creatures vanquished

Notes
Turn   | Place    | Note
-------+----------+-------------------------------------------
     0 | D        | MuseOD the Spriggan Enchanter began the quest for the Orb.
     0 | D        | Reached XP level 1. HP: 9/9 MP: 5/5
     9 | D        | Reached skill level 1 in Fighting
     9 | D        | Reached skill level 5 in Stealth
    11 | D        | Reached XP level 2. HP: 14/14 MP: 6/6
    16 | D        | Learned a level 2 spell: Ensorcelled Hibernation
    27 | D        | Noticed Jessica
    36 | D        | Killed Jessica
    36 | D        | Reached skill level 6 in Stealth
    36 | D        | Reached XP level 3. HP: 19/19 MP: 5/8
    41 | D        | Learned a level 3 spell: Confuse
    69 | D        | Noticed a scorpion
    72 | D        | Killed a scorpion
    72 | D        | Reached skill level 7 in Stealth
    72 | D        | Reached XP level 4. HP: 23/23 MP: 8/10
    78 | D        | Killed a yaktaur
   120 | D        | Killed a hellion
   121 | D        | Noticed a water elemental
   121 | D        | Killed a hellion
   121 | D        | Killed a hellion
   122 | D        | Killed a hellion
   122 | D        | Killed a hellion
   122 | D        | Killed a hellion
   124 | D        | Killed a water elemental
   124 | D        | Reached skill level 8 in Stealth
   124 | D        | Reached skill level 5 in Hexes
   124 | D        | Reached XP level 5. HP: 29/29 MP: 13/13
   133 | D        | Found a basalt altar of Yredelemnul.
   133 | D        | Found a shadowy altar of Dithmenos.
   133 | D        | Found a sacrificial altar of Ru.
   133 | D        | Noticed a necrophage
   168 | D        | Killed from afar by a necromancer

Skill      XL: |  1  2  3  4 |
---------------+-------------+-----
Fighting       | 1 2 3 |  3.6
Short Blades   | 3 4 6 7 |  7.3
Stealth        | 5 6 7 8 |  8.7
Spellcasting   | 3 4 |  4.8
Hexes          | 4 5 |  5.5
Dodging        | |  3.0

Action                   |  1- 3 |  4- 6 || total
-------------------------+-------+-------++-------
Melee: Dagger            |     4 |     2 ||     6
 Cast: Ensorcelled Hiber |     1 |     1 ||     2
       Confuse           |       |     5 ||     5
 Stab: Sleeping          |     4 |     2 ||     6
Dodge: Dodged            |       |     3 ||     3
